 Dungeon Crawl Stone Soup version 0.31-a0-18-gea43df2a32 (webtiles) character file.

Game seed: 12636901239647974398

23 holysushi the Charlatan (level 3, 34/35 HPs)
             Began as a Gnoll Wanderer on May 10, 2023.
             Quit the game on level 1 of the Dungeon.
             The game lasted 00:01:39 (816 turns).

holysushi the Charlatan (Gnoll Wanderer)             Turns: 816, Time: 00:01:40

Health: 34/35      AC:  3    Str: 15    XL:     3   Next: 0%
Magic:  4/4        EV: 11    Int:  8    God:
Gold:   68         SH:  0    Dex: 12    Spells: 3/3 levels left

rFire   . . .        a - +3 spear
rCold   . . .        (no shield)
rNeg    . . .        d - +0 leather armour
rPois   .            (no helmet)
rElec   .            (no cloak)
rCorr   .            (no gloves)
SInv    .            (no boots)
Will    .....        (no amulet)
Stlth   ++           (no ring)
HPRegen 0.25/turn    (no ring)
MPRegen 0.09/turn

%: no passive effects
@: no status effects
A: fangs 1, strong nose, distributed training
a: no special abilities


You were on level 1 of the Dungeon.
You visited 1 branch of the dungeon, and saw 1 of its levels.

You collected 68 gold pieces.

Inventory:

Hand Weapons
 a - a +3 spear (weapon)
Armour
 d - a +0 leather armour (worn)
Jewellery
 g - a ring of wizardry
Wands
 b - a wand of flame (6) (quivered)
Scrolls
 e - 2 scrolls of teleportation {unknown}
 f - 2 scrolls of identify {unknown}
 h - a scroll of brand weapon {unknown}
 i - a scroll of enchant weapon {unknown}
Potions
 c - 2 potions of curing
 j - a potion of flight {unknown}


   Skills:
 + Level 6.5 Fighting
 + Level 0.6 Short Blades
 + Level 0.6 Long Blades
 + Level 0.6 Axes
 + Level 0.6 Maces & Flails
 + Level 4.5 Polearms
 + Level 0.6 Staves
 + Level 0.6 Ranged Weapons
 + Level 0.6 Throwing
 + Level 0.6 Armour
 + Level 0.6 Dodging
 + Level 2.3 Stealth
 + Level 0.6 Shields
 + Level 0.6 Unarmed Combat
 + Level 0.6 Spellcasting
 + Level 0.4 Conjurations
 + Level 0.4 Hexes
 + Level 0.4 Summonings
 + Level 0.4 Necromancy
 + Level 0.4 Translocations
 + Level 0.4 Transmutations
 + Level 0.4 Fire Magic
 + Level 0.4 Ice Magic
 + Level 0.4 Air Magic
 + Level 0.4 Earth Magic
 + Level 0.4 Poison Magic
 + Level 2.6 Invocations
 + Level 6.5 Evocations


You had 3 spell levels left.
You didn't know any spells.
Your spell library contained the following spells:

 Spells                   Type           Power      Damage    Failure   Level
 Gell's Gravitas          Tloc           1%         N/A       77%         3
 Teleport Other           Tloc           1%         N/A       77%         3
 Dispersal                Tloc           0%         N/A       100%        6


Dungeon Overview and Level Annotations

Branches:
Dungeon (1/15) Zot: 5189

Altars:


Innate Abilities, Weirdness & Mutations

You have very sharp teeth.
Your uncanny sense of smell can sniff out nearby items.
Your experience applies equally to all skills.


Message History

You kill the rat!
No target in view!
You see here a rat corpse.
No target in view!
Found a potion of curing.
You now have 68 gold pieces (gained 5).
c - 2 potions of curing (gained 1)
f - 2 scrolls labelled SYXZUO XENANIO (gained 1)
You see here 7 stones.
You open the door.
Key pressed, stopping explore.
There is an open door here.
A rat comes into view.
A rat is nearby!
A rat is nearby!
A rat is nearby!
A rat is nearby!
You closely miss the rat. You hit the rat.
You kill the rat!
No target in view!
You see here a rat corpse.
No target in view!
Found an escape hatch in the floor.
No target in view!
There is an escape hatch in the floor here.
A bat comes into view.
A bat is nearby!
A bat is nearby!
A bat is nearby!
The bat hits you but does no damage.
You reach to attack!
You closely miss the bat. The bat hits you.
The bat hits you but does no damage.
You hit the bat.
You kill the bat!
You have reached level 3!
Your experience leads to an increase in your attributes!
Increase (S)trength, (I)ntelligence, or (D)exterity?
You feel agile. x2
Are you sure you want to abandon this character and quit the game? (Confirm with "yes".)

##'#### #.######.#.##.#
......###.#........##.#
......'...#.####.####.#
......###.# #.# #.#
......'...# #.# #.#
......###.# ####.####.#
......# #.# #.........#
......# #.#.#############
##+#### #.#....†@.......#
##.######.#############.###
..........................#
.....####.#############.#.#
.....'....# #..†...#.#
.....###### #.######.#
.....###### #.# #.#
..........# #.# #.#
..........# #>######.#


There were no monsters in sight!

Vanquished Creatures
  3 ball pythons (D:1)
  3 endoplasms (D:1)
  2 hobgoblins (D:1)
  4 jackals (D:1)
  A quokka (D:1)
  3 bats (D:1)
  4 rats (D:1)
20 creatures vanquished.

Notes
Turn   | Place    | Note
-------+----------+-------------------------------------------
     0 | D:1      | holysushi the Gnoll Wanderer began the quest for the Orb.
     0 | D:1      | holysushi set off with the following items: a +3 spear, a
                  | wand of flame (6), a potion of curing, a +0 leather armour.
     0 | D:1      | Reached XP level 1. HP: 23/23 MP: 2/2
   197 | D:1      | Reached XP level 2. HP: 29/29 MP: 3/3
   816 | D:1      | Reached XP level 3. HP: 34/35 MP: 4/4
   816 | D:1      | Quit the game

Illustrated notes

Levels and vault maps discovered:
D:1:      lemuel_arrival_rhombus, layout_basic, nicolae_eternal_life

Action                     || total
---------------------------++-------
  Melee: Spear             ||    48
         Bite              ||     4
   Stab: Sleeping          ||     4
 Armour: Leather armour    ||    11
  Dodge: Dodged            ||    17

Table legend: (Time is in decaauts)
 A = Elapsed time spent in this place.
 B = Non-inter-level travel time spent in this place.
 C = Inter-level travel time spent in this place.
 D = Time resting spent in this place.
 E = Time spent auto-exploring this place.
 F = Levels seen in this place.
 G = Mean time per level.
                   A        B        C        D        E       F      G
               +--------+--------+--------+--------+--------+-----+--------+
         Total |    810 |    810 |      0 |     14 |    646 |   1 |  810.0 |
       Dungeon |    810 |    810 |      0 |     14 |    646 |   1 |  810.0 |
               +--------+--------+--------+--------+--------+-----+--------+

Top non-repeatable levels by time:
     D:1: 810 daAuts
